 Dungeon Crawl Stone Soup version 0.23-b1-6-ga921848b48 (webtiles) character file.

Game seed: 5872489581153751669

1959 Oravi the Carver (level 9, -8/81 HPs)
             Began as a Naga Warper on Feb 1, 2019.
             Was a Believer of Cheibriados.
             Mangled by an orc warrior
             ... wielding a +0 halberd
              (25 damage)
             ... on level 7 of the Dungeon.
             The game lasted 00:48:22 (8427 turns).

Oravi the Carver (Naga Warper)                      Turns: 8427, Time: 00:48:23

Health: -8/81      AC:  4    Str: 19    XL:     9   Next: 19%
Magic:  0/12       EV: 10    Int: 23    God:    Cheibriados [**....]
Gold:   337        SH:  0    Dex: 17    Spells: 2/12 levels left

rFire    . . .     SeeInvis +   a - +1 falchion (elec)
rCold    + . .     Gourm    .   (no shield)
rNeg     + . .     Faith    .   h - +0 leather armour
rPois    +         Spirit   .   (no helmet)
rElec    .         Reflect  .   (no cloak)
rCorr    .         Harm     .   (no gloves)
MR       +....                  (no barding)
Stlth    +.........             (no amulet)
HPRegen  0.23/turn              H - ring of protection from cold
MPRegen  0.13/turn              r - ring of positive energy

@: about to teleport, very slow
A: large, see invisible, deformed body, poison resistance, slowness 2, slow
metabolism 1, spit poison 1, AC +3
a: Spit Poison, Bend Time, Renounce Religion


You were on level 7 of the Dungeon.
You worshipped Cheibriados.
Cheibriados was pleased with you.
You were hungry.

You visited 2 branches of the dungeon, and saw 8 of its levels.
You also visited: Ossuary.

You collected 337 gold pieces.

Inventory:

Hand Weapons
 a - a +1 falchion of electrocution (weapon)
 b - a +0 hunting sling
 A - a +0 falchion
 E - the +5 dagger of Radicalism {freeze, rPois}
   (You found it on level 4 of the Dungeon)

   It has been specially enchanted to freeze those struck by it, causing extra
   injury to most foes and up to half again as much damage against particularly
   susceptible opponents.
   It can also slow down cold-blooded creatures.
   It protects you from poison.
Missiles
 e - 5 tomahawks of dispersal (quivered)
 i - 170 stones
 k - 161 arrows
 s - 31 poisoned needles
 F - 37 sling bullets
 Q - 8 tomahawks
Armour
 g - a +0 ring mail
 h - a +0 leather armour (worn)
 z - a +0 scale mail
 J - a +0 chain mail
 K - a +1 shield
Jewellery
 r - a ring of positive energy (right hand)
 u - an uncursed ring of ice
 H - a ring of protection from cold (left hand)
Wands
 x - a wand of disintegration (10)
 I - a wand of paralysis (17)
 O - a wand of acid (5)
Scrolls
 d - a scroll of blinking
 o - 2 scrolls of teleportation
 v - a scroll of random uselessness {unknown}
 y - 2 scrolls of enchant armour
 B - 6 scrolls of remove curse {@r2}
 G - a scroll of amnesia
 L - a scroll of magic mapping {unknown}
Potions
 c - 2 potions of might
 j - 3 potions of agility
 l - a potion of heal wounds
 m - 3 potions of haste
 n - 3 potions of curing {@q1}
 p - a potion of invisibility
 q - 2 potions of flight
 t - a potion of resistance
 w - 4 potions of mutation
 C - 2 potions of lignification
 N - 2 potions of cancellation
Comestibles
 f - 10 rations


   Skills:
 + Level 5.2 Fighting
 * Level 8.6 Long Blades
 - Level 0.8 Throwing
 - Level 0.7 Armour
 - Level 1.5 Dodging
 + Level 3.3 Shields
 - Level 2.0 Spellcasting
 - Level 5.0 Translocations
 + Level 2.8 Invocations


You had 2 spell levels left.
You knew the following spells:

 Your Spells              Type           Power        Failure   Level  Hunger
a - Blink                 Tloc           N/A          3%          2    ##.....
b - Shroud of Golubria    Chrm/Tloc      ##........   9%          2    ##.....
c - Teleport Other        Tloc           ####....     6%          3    ###....
d - Gell's Gravitas       Tloc           ####......   6%          3    ###....

Your spell library contained the following spells:

 Spells                   Type           Power        Failure   Level  Hunger
 Lesser Beckoning         Tloc           ####......   6%          3    ###....
 Passage of Golubria      Tloc           N/A          19%         4    #####..


Dungeon Overview and Level Annotations

Branches:
Dungeon (7/15)             Temple (1/1) D:5

Altars:
Ashenzari
Cheibriados
Dithmenos
Elyvilon
Fedhas
Gozag
Hepliaklqana
Kikubaaqudgha
Makhleb
Nemelex Xobeh
Okawaru
Qazlal
Ru
Sif Muna
Trog
Uskayaw
Wu Jian
Xom
Yredelemnul
Zin
The Shining One

Shops:
D:5 }!*[*


Innate Abilities, Weirdness & Mutations

You cannot wear boots.
Your serpentine skin is tough. (AC +3)
You have supernaturally acute eyesight. (SInv)
Armour fits poorly on your strangely shaped body.
Your system is resistant to poisons. (rPois)
You cover ground very slowly.
You have a slow metabolism.
You can spit poison.


Message History

The eye of draining gazes at you.
You feel your power leaking away.
You hit the orc warrior but do no damage.
The orc warrior is moderately wounded.
The orc warrior hits you with a +0 halberd!!
* * * LOW HITPOINT WARNING * * *
You feel better.
You have got your breath back.
The howler monkey hoots and howls with incredible vigour!
The eye of draining gazes at you.
The orc warrior hits you with a +0 halberd!
* * * LOW HITPOINT WARNING * * *
You hear a screech!
You hear a bark!
Something shouts, "Scamper home, thou clouted fool-born zombie-fodder!"
You hear a shout! x3
You feel better.
The orc warrior looks more healthy.
You hit the orc warrior but do no damage.
The orc warrior is heavily wounded.
The orc warrior hits you with a +0 halberd!!
You die...

[.+.# #########'##.# #....
..#.# #.......#..#.# #....
.)).# #.⌠...⌠.#..#.# #....
##..# #..⌠....#..#.# #....
#..###### +...⌠...'.##.# #.###
##.......# #....⌠..####.# #.#
.......#.# #.⌠...⌠.# #..#
#.### .......#.# #.......#
#..####....
.......#.#######@####
#..#....... .......#......##o#
#..#.##.... ...[.........##GhT
#..#.##....
.........#####.aOZ.
##.#.##.... ..######.# .(.....
#.#.##.### .....# #.#
......... #.#.##.# #
####.###.# ....()(....
#...##.# # #
#.....#....[?#$(....#...##.###
# ####### #.........


You could see an eye of draining, a troll, an orc warrior, an ogre, a howler
monkey, a worker ant and a bullfrog skeleton.

Vanquished Creatures
  Prince Ribbit (D:5)
  Menkaure (D:5)
  3 ogres (D:6)
  A centaur (D:5)
  A phantom (D:3)
  Blork the orc (D:5)
  2 elf zombies (Ossuary)
  A scorpion (D:4)
  3 wights (D:7)
  A centaur zombie (Ossuary)
  2 crimson imps
  An orc priest (D:3)
  A hound (D:7)
  A jelly (D:5)
  A human zombie (Ossuary)
  Jessica (D:2)
  A bullfrog skeleton (D:6)
  Ijyb (D:4)
  2 iguanas
  An orc wizard (D:7)
  5 worker ants
  A hound skeleton (D:4)
  3 mummies
  A worker ant zombie (D:7)
  Robin (D:2)
  A howler monkey zombie (D:5)
  7 adders
  4 gnolls
  2 shadow imps (D:6)
  3 oozes
  An adder skeleton (D:4)
  2 adder zombies
  A worm (D:6)
  A dart slug (D:3)
  2 leopard geckos
  15 orcs
  2 ball pythons (D:1)
  6 giant cockroaches
  15 goblins
  8 hobgoblins
  8 jackals
  4 quokkas
  4 bats
  4 frilled lizards
  4 goblin zombies
  8 hobgoblin zombies (Ossuary)
  9 kobolds
  13 kobold zombies
  A leopard gecko skeleton (D:6)
  7 orc zombies (Ossuary)
  6 rats
  2 rat zombies (Ossuary)
178 creatures vanquished.

Notes
Turn   | Place    | Note
-------+----------+-------------------------------------------
     0 | D:1      | Oravi the Naga Warper began the quest for the Orb.
     0 | D:1      | Reached XP level 1. HP: 19/19 MP: 3/3
   119 | D:1      | Reached XP level 2. HP: 26/26 MP: 5/5
   123 | D:1      | Learned a level 2 spell: Blink
   346 | D:1      | Reached skill level 3 in Long Blades
   618 | D:1      | Reached XP level 3. HP: 32/32 MP: 6/6
   907 | D:2      | Noticed Robin
  1101 | D:2      | Killed Robin
  1106 | D:2      | Reached skill level 4 in Long Blades
  1361 | D:2      | Noticed Jessica
  1505 | D:2      | Reached XP level 4. HP: 26/39 MP: 7/7
  1670 | D:2      | Learned a level 2 spell: Shroud of Golubria
  1694 | D:2      | Learned a level 3 spell: Teleport Other
  2011 | D:2      | Killed Jessica
  2011 | D:2      | Reached XP level 5. HP: 45/45 MP: 8/8
  2809 | D:3      | Reached skill level 5 in Long Blades
  3286 | D:3      | Reached XP level 6. HP: 26/54 MP: 9/9
  3561 | D:4      | Noticed a phantom
  3798 | D:3      | Killed a phantom
  4098 | D:4      | Got a transparent dagger
  4102 | D:4      | Identified the +5 dagger of Radicalism {freeze, rPois} (You
                  | found it on level 4 of the Dungeon)
  4488 | D:4      | Noticed Ijyb
  4491 | D:4      | Paralysed by Ijyb for 6 turns
  4499 | D:4      | Killed Ijyb
  4499 | D:4      | Reached skill level 6 in Long Blades
  4499 | D:4      | Reached XP level 7. HP: 49/62 MP: 10/10
  4659 | D:5      | Entered Level 5 of the Dungeon
  4659 | D:5      | Found Enliti's Distillery.
  4696 | D:5      | Found Teiwni's Armour Boutique.
  4889 | D:5      | Noticed Prince Ribbit
  4896 | D:5      | Killed Prince Ribbit
  4896 | D:5      | Reached skill level 1 in Shields
  4979 | D:5      | Noticed Blork the orc
  5000 | D:5      | Killed Blork the orc
  5177 | D:5      | Reached skill level 5 in Translocations
  5177 | D:5      | Reached XP level 8. HP: 36/72 MP: 3/11
  5208 | D:5      | Noticed Menkaure
  5399 | D:5      | Killed Menkaure
  5399 | D:5      | Reached skill level 7 in Long Blades
  5677 | D:5      | Found a staircase to the Ecumenical Temple.
  5679 | D:5      | Found Aplus's Gadget Emporium.
  5684 | Temple   | Entered the Ecumenical Temple
  5791 | Temple   | Became a worshipper of Cheibriados the Contemplative
  5908 | D:5      | Found Itoonak's Assorted Antiques.
  6008 | D:5      | Found a basalt altar of Yredelemnul.
  6136 | D:5      | Found Ciuddoig's General Store.
  6528 | D:6      | Reached * piety under Cheibriados
  6539 | D:6      | Found a sand-covered staircase.
  6694 | Ossuary  | Entered an ossuary
  6903 | Ossuary  | Reached ** piety under Cheibriados
  6925 | Ossuary  | Reached skill level 1 in Invocations
  7309 | D:6      | Reached skill level 8 in Long Blades
  7458 | D:6      | Reached XP level 9. HP: 80/80 MP: 12/12
  7537 | D:6      | Reached skill level 5 in Fighting
  7861 | D:7      | Learned a level 3 spell: Gell's Gravitas
  8415 | D:7      | Noticed a troll
  8427 | D:7      | Mangled by an orc warrior

Skill      XL: |  1  2  3  4  5  6  7  8  9 |
---------------+----------------------------+-----
Long Blades    | 3 4 5 6 8 |  8.6
Translocations | 4 5 |  5.0
Fighting       | 3 4 5 |  5.2
Shields        | 1 3 |  3.3
Invocations    | 2 |  2.8
Throwing       | |  0.8
Armour         | |  0.7
Dodging        | |  1.5
Spellcasting   | |  2.0

Action                   |  1- 3 |  4- 6 |  7- 9 || total
-------------------------+-------+-------+-------++-------
Melee: Falchion          |    41 |    98 |   272 ||   411
 Fire: Hunting sling     |       |   133 |    87 ||   220
 Cast: Shroud of Golubri |       |     4 |     2 ||     6
       Teleport Other    |       |       |     6 ||     6
 Abil: Spit Poison       |    26 |    28 |    15 ||    69
Evoke: Wand              |       |       |     1 ||     1
  Use: Scroll            |     1 |     5 |    14 ||    20
       Potion            |     1 |       |     3 ||     4
 Stab: Paralysed         |       |       |     4 ||     4
       Sleeping          |       |       |     1 ||     1
  Eat: Chunk             |     2 |     9 |     5 ||    16
       Ration            |       |       |     2 ||     2
Armor: Ring mail         |    15 |     6 |       ||    21
       Leather armour    |       |    34 |    60 ||    94
Dodge: Dodged            |    17 |    56 |   138 ||   211
       Rpst.: Falchion   |     3 |    15 |    46 ||    64
